 Dungeon Crawl Stone Soup version 0.29-a0-40-g8eb35efe60 (webtiles) character file.

Game seed: 9575548776975784908

46 porpoise the Ruffian (level 3, -4/37 HPs)
             Began as an Ogre Transmuter on Feb 2, 2022.
             Killed from afar by Sigmund (8 damage)
             ... with a puff of flame
             ... on level 2 of the Dungeon.
             The game lasted 00:05:54 (1560 turns).

porpoise the Ruffian (Ogre Transmuter)              Turns: 1560, Time: 00:05:55

Health: -4/37      AC:  3    Str: 16    XL:     3   Next: 66%
Magic:  7/7        EV:  9    Int: 14    God:
Gold:   39         SH:  0    Dex:  9    Spells: 4/7 levels left

rFire   . . .      SeeInvis .     - Unarmed
rCold   . . .      Faith    .   (no shield)
rNeg    . . .      Spirit   .   a - +0 robe
rPois   .          Reflect  .   (helmet restricted)
rElec   .          Harm     .   (no cloak)
rCorr   .          Rampage  .   (gloves unavailable)
Will    .....                   (boots unavailable)
Stlth   +.........              (no amulet)
HPRegen 0.12/turn               (no ring)
MPRegen 0.10/turn               (no ring)

@: mighty
A: large, unfitting armour, tough skin 1
a: no special abilities


You were on level 2 of the Dungeon.
You visited 1 branch of the dungeon, and saw 2 of its levels.

You collected 39 gold pieces.

Inventory:

Hand Weapons
 b - a +0 hunting sling
 e - a +0 dagger of draining
 w - a +2 spear of flaming
Missiles
 d - 36 stones
Armour
 a - a +0 robe (worn)
Wands
 h - a wand of flame (21)
Scrolls
 c - a scroll of enchant armour {unknown}
 g - a scroll of identify {unknown}


   Skills:
 * Level 3.0 Fighting
 - Level 1.7 Dodging
 * Level 3.3 Unarmed Combat
 + Level 2.9 Spellcasting
 - Level 1.7 Transmutations


You had 4 spell levels left.
You knew the following spells:

 Your Spells              Type           Power      Damage    Failure   Level
a - Beastly Appendage     Tmut           14%        N/A       11%         1
w - Wereblood             Tmut           7%         N/A       16%         2

Your spell library contained the following spells:

 Spells                   Type           Power      Damage    Failure   Level
 Spider Form              Tmut/Pois      4%         N/A       41%         3
 Stone Arrow              Conj/Erth      4%         3d7       54%         3
 Ice Form                 Ice/Tmut       4%         N/A       83%         4
 Animate Armour           Summ/Erth      4%         N/A       91%         4
 Lehudib's Crystal Spear  Conj/Erth      1%         10d2      100%        8


Dungeon Overview and Level Annotations

Branches:
Dungeon (2/15)

Altars:

Annotations:
D:2 Sigmund


Innate Abilities, Weirdness & Mutations

You are too large for most types of armour.
You have tough skin. (AC +1)


Message History

Sigmund the Dreaded comes into view.
He is wielding a +0 scythe and wearing a +0 robe of resistance.
Found 28 stones.
Sigmund points at you and mumbles some strange words.
You are confused.
You bump into the rock wall.
Unknown command.
Sigmund gestures at you while chanting. The puff of flame hits you.
You're too confused to move!
You feel less confused.
Sigmund points at you and mumbles some strange words.
The puff of flame hits you!
Sigmund points at you and mumbles some strange words.
You are confused.
You bump into the rock wall.
Sigmund casts a spell at you. You resist with some effort.
Unknown command.
You bump into the rock wall.
Sigmund closely misses you.
You bump into the rock wall.
You feel less confused. Sigmund hits you with a +0 scythe!
Really attack while wielding your +0 hunting sling?
Okay, then.
You are now empty-handed.
You hit Sigmund but do no damage. You punch Sigmund.
Sigmund is lightly wounded.
Sigmund barely misses you.
You hit Sigmund but do no damage.
Sigmund is lightly wounded.
You hit Sigmund.
Sigmund is moderately wounded.
Sigmund hits you with a +0 scythe!
* * * LOW HITPOINT WARNING * * *
It was a potion of might.
You feel very mighty all of a sudden. Sigmund casts a spell at you.
The puff of flame hits you!
You die...

...(........#.# ..
...(..........#....
...................
............#######
(...........#
............#
###########.# #@#
#@# #.# #.# #†# #<#
#.# ###


You could see Sigmund.

Vanquished Creatures
  3 dart slugs (D:1)
  4 bats (D:1)
  4 endoplasms (D:1)
  3 goblins (D:1)
  4 hobgoblins
  2 jackals (D:1)
  3 kobolds (D:1)
  4 quokkas
  4 ball pythons (D:1)
  2 frilled lizards (D:1)
  A rat (D:1)
34 creatures vanquished.

Notes
Turn   | Place    | Note
-------+----------+-------------------------------------------
     0 | D:1      | porpoise the Ogre Transmuter began the quest for the Orb.
     0 | D:1      | Reached XP level 1. HP: 19/19 MP: 3/3
   193 | D:1      | Reached XP level 2. HP: 10/28 MP: 5/5
   842 | D:1      | Reached XP level 3. HP: 35/36 MP: 4/7
   946 | D:1      | Learned a level 2 spell: Wereblood
  1534 | D:2      | Noticed Sigmund
  1560 | D:2      | Killed from afar by Sigmund

Illustrated notes

Levels and vault maps discovered:
D:1:      wander_arrival_chamber, layout_basic, kennysheep_small_spiral
D:2:      layout_basic, serial_glass, glass_columns_a, glass_columns_a,
          glass_columns_a, glass_columns_b, glass_columns_a, glass_columns_a,
          due_unseen_surprise, shapermc_ecumenical_altar_petra, nrook_uturn,
          minmay_indecisive_spiral, uniq_sigmund

Skill      XL: |  1  2  3 |
---------------+----------+-----
Fighting       | 2 3 |  3.0
Unarmed Combat | 3 |  3.3
Dodging        | |  1.7
Spellcasting   | |  2.9
Transmutations | |  1.7

Action                   || total
-------------------------++-------
Melee: Unarmed           ||   119
       Kick              ||    10
       Dagger            ||     4
       Punch             ||     6
       Headbutt          ||     6
 Fire: Hunting sling     ||     6
 Cast: Beastly Appendage ||    12
  Use: Potion            ||     1
 Stab: Sleeping          ||     1
Armor: Robe              ||    47
Dodge: Dodged            ||    49

Table legend: (Time is in decaauts)
 A = Elapsed time spent in this place.
 B = Non-inter-level travel time spent in this place.
 C = Inter-level travel time spent in this place.
 D = Time resting spent in this place.
 E = Time spent auto-exploring this place.
 F = Levels seen in this place.
 G = Mean time per level.
                   A        B        C        D        E       F      G
               +--------+--------+--------+--------+--------+-----+--------+
         Total |   1544 |   1541 |      3 |    865 |    325 |   2 |  772.0 |
       Dungeon |   1544 |   1541 |      3 |    865 |    325 |   2 |  772.0 |
               +--------+--------+--------+--------+--------+-----+--------+

Top non-repeatable levels by time:
     D:1: 1480 daAuts
     D:2: 64 daAuts
